General information
- name: 4srt
- type: Custom game
- host: piesofthenorth
- saver: bestallyever
map: MeltingValley
- players: 4
- length: 12:58
- speed: Fast
- version: 1.27 W3XP
- replay type: Public
» download(42 KB)
Players
team 1 (loser)

»
piesofthenorth (
orange | 79 APM | 1025 actions | 12:57)
3 Death Knight
2 Death Coil
1 Unholy Aura
2 Lich
1 Frost Nova
1 Dark Ritual
» actions
| Assign group hotkey | 26 | |
| Basic commands | 2 | |
| Build / train | 32 | |
| Enter build submenu | 13 | |
| Enter hero's abilities submenu | 6 | |
| Right click | 444 | |
| Select / deselect | 275 | |
| Select group hotkey | 198 | |
| Use ability | 29 | |
1025 total
» units
| Acolyte | 8 | |
| Ghoul | 3 | |
| Crypt Fiend | 8 | |
19 total
» upgrades
| Creature Carapace | 1 | |
| Creature Attack | 1 | |
2 total
» buildings
| Graveyard | 1 | |
| Crypt | 1 | |
| Ziggurat | 5 | |
| Altar of Darkness | 2 | |
| Tomb of Relics | 1 | |
| Nerubian Tower | 1 | |
| Halls of the Dead | 1 | |
12 total
» build order
00:05 Graveyard
00:17 Crypt
00:38 Ziggurat
00:39 Ziggurat
00:57 Altar of Darkness
01:01 Altar of Darkness
01:15 Tomb of Relics
01:39 Nerubian Tower
02:05 Ziggurat
02:46 Ziggurat
05:06 Halls of the Dead
07:20 Ziggurat
» items
| Rod of Necromancy | 1 | |
| Dust of Appearance | 1 | |
2 total
team 2 (winner)
bestallyever (
pink | 73 APM | 945 actions | 12:58)
5 Blood Mage
3 Flame Strike
2 Siphon Mana
» actions
| Assign group hotkey | 57 | |
| Basic commands | 20 | |
| Build / train | 62 | |
| Enter build submenu | 21 | |
| Enter hero's abilities submenu | 5 | |
| Give item / drop item | 2 | |
| Right click | 340 | |
| Select / deselect | 280 | |
| Select group hotkey | 92 | |
| Use ability | 66 | |
945 total
» units
| Peasant | 22 | |
| Footman | 4 | |
| Sorceress | 3 | |
29 total
» upgrades
| Masonry | 2 | |
| Lumber Harvesting | 1 | |
| Sorceress Training | 1 | |
| Magic Sentry | 1 | |
5 total
» buildings
| Altar of Kings | 1 | |
| Barracks | 1 | |
| Farm | 3 | |
| Scout Tower | 11 | |
| Arcane Tower | 1 | |
| Lumber Mill | 1 | |
| Arcane Vault | 1 | |
| Guard Tower | 6 | |
| Keep | 1 | |
| Arcane Sanctum | 2 | |
28 total
» build order
00:20 Altar of Kings
00:34 Barracks
00:49 Farm
01:04 Farm
01:32 Scout Tower
01:49 Farm
02:22 Arcane Tower
02:56 Lumber Mill
03:01 Arcane Vault
03:20 Scout Tower
03:21 Scout Tower
04:01 Guard Tower
04:49 Keep
06:04 Scout Tower
06:05 Scout Tower
06:07 Scout Tower
06:38 Guard Tower
06:42 Guard Tower
06:43 Guard Tower
06:46 Guard Tower
07:50 Arcane Sanctum
08:06 Arcane Sanctum
11:30 Scout Tower
11:30 Scout Tower
11:30 Scout Tower
11:32 Scout Tower
11:33 Scout Tower
12:09 Guard Tower
» items
| Scroll of Regeneration | 2 | |
| Mechanical Critter | 2 | |
| Lesser Clarity Potion | 3 | |
| Boots of Speed | 1 | |
| Staff of Teleportation | 1 | |
| Potion of Invisibility | 2 | |
| Potion of Lesser Invulnerability | 1 | |
| Potion of Mana | 1 | |
| Periapt of Vitality | 1 | |
14 total
observersIron_Warrior,
GOT.milk Chat log
(01:32 / All) piesofthenorth: about 1/100 actually accept my 1v1 challenges lol
(07:36 / All) bestallyever: whoops
(08:25 / All) bestallyever: nice mh lol
(08:28 / All) piesofthenorth: hahaha ok
(10:28 / All) piesofthenorth: yeah good move
(10:39 / All) piesofthenorth: not sure why I didn't predict yo would be back
(12:33 / All) piesofthenorth: yeah
(12:37 / All) piesofthenorth: really shouldn't have let that happen
(12:39 / All) piesofthenorth: Oh well gg
(12:42 / All) bestallyever: lawl
(12:46 / All) piesofthenorth: got you to accuse me of hacking though, so that's something
(12:48 / All) piesofthenorth: wp
(12:49 / All) bestallyever: FOR TELO! CHARGE